 Dungeon Crawl Stone Soup version 0.31.0-32-g396128a36d (webtiles) character file.

Game seed: 12955711931371077587

10799 gohu the Fighter (level 11, -3/90 HPs)
             Began as a Djinni Fire Elementalist on Mar 13, 2024.
             Was an Initiate of Makhleb.
             Slain by a four-headed hydra (12 damage)
             ... on level 12 of the Dungeon.
             The game lasted 00:34:56 (11860 turns).

gohu the Fighter (Djinni Fire Elementalist)        Turns: 11860, Time: 00:34:57

Health: -3/90      AC:  9    Str:  7    XL:     11   Next: 99%
Gold:   659        EV: 10    Int: 36    God:    Makhleb [......] SH:  4 Dex:  8

rFire   + + .        c - staff of alchemy
rCold   x . .        l - +0 buckler
rNeg    . . .        N - +0 troll leather armour
rPois   ∞            z - +0 helmet
rElec   .            G - +0 cloak
rCorr   .            (no gloves)
SInv    .            (boots unavailable)
Will    +....        A - amulet of regeneration
Stlth   ++           x - +6 ring of intelligence
HPRegen 1.95/turn    H - ring "Erithroo" {AC+4 Int+8 Dex-5 Stlth+}
MPRegen 0.00/turn

%: infuse magic (-4 HP)
@: flying, studying Necromancy
A: sickness immunity, fire resistance 2, cold vulnerability 1, float, innate
caster, HP casting, extra vitality 1
a: Renounce Religion


You were on level 12 of the Dungeon.
You worshipped Makhleb.
Makhleb was noncommittal.
You visited 2 branches of the dungeon, and saw 13 of its levels.
You also visited: Sewer.

You collected 789 gold pieces.
You spent 130 gold pieces at shops.

Inventory:

Hand Weapons
 i - a +2 whip of draining
Armour
 a - a +0 robe
 l - a +0 buckler (worn)
 o - a +1 leather armour of cold resistance
 w - a +2 robe
 z - a +0 helmet (worn)
 G - a +0 cloak (worn)
 J - +0 swamp dragon scales
 N - a +0 troll leather armour (worn)
Magical Staves
 c - a staff of alchemy (weapon)
Jewellery
 k - the ring "Ziehugie" {Fire Will+ Stlth+}
   (You found it on level 3 of the Dungeon)

   [ring of fire]

   Fire:      It enhances your fire magic.
   rF+:       It protects you from fire.
   rC-:       It makes you vulnerable to cold.
   Will+:     It increases your willpower.
   Stlth+:    It makes you more stealthy.
 q - a ring of protection from fire
 r - a +6 ring of strength
 x - a +6 ring of intelligence (left hand)
 A - an amulet of regeneration (around neck)
 D - a ring of willpower
 H - the ring "Erithroo" (right hand) {AC+4 Int+8 Dex-5 Stlth+}
   (You found it on level 7 of the Dungeon)

   [ring of protection]

   AC+4:      It affects your AC (+4).
   Int+8:     It affects your intelligence (+8).
   Dex-5:     It affects your dexterity (-5).
   Stlth+:    It makes you more stealthy.
 S - a +4 ring of slaying
Wands
 n - a wand of iceblast (21)
 v - a wand of flame (73)
 y - a wand of polymorph (6)
 B - a wand of charming (17)
 E - a wand of mindburst (19)
 O - a wand of digging (7)
Scrolls
 g - a scroll of immolation
 j - 3 scrolls of blinking
 m - 3 scrolls of fear
 p - 2 scrolls of poison
 t - 5 scrolls of teleportation
 u - a scroll of enchant armour
 F - a scroll of fog
 R - a scroll of vulnerability
 T - a scroll of noise
Potions
 b - 2 potions of haste
 d - 3 potions of heal wounds
 e - a potion of mutation
 f - a potion of brilliance
 h - 3 potions of enlightenment
 s - 3 potions of ambrosia
 C - 4 potions of curing
 I - a potion of berserk rage {unknown}
 L - 2 potions of resistance {unknown}
 M - a potion of experience {unknown}
 P - a potion of magic {unknown}
 Q - 4 potions of attraction {unknown}
 U - a potion of might {unknown}
Miscellaneous
 K - a box of beasts


   Skills:
 * Level 12.5 Fighting
 - Level 2.1 Dodging
 - Level 1.5 Stealth
 - Level 5.0 Shields
 + Level 10.0 Spellcasting
 + Level 10.0 Conjurations
 + Level 10.0 Hexes
 + Level 10.0 Summonings
 + Level 10.6 Necromancy
 + Level 10.0 Translocations
 + Level 10.0 Fire Magic
 + Level 10.0 Ice Magic
 + Level 10.0 Air Magic
 + Level 10.0 Earth Magic
 + Level 10.0 Alchemy


You knew the following spells:

 Your Spells              Type           Power      Damage    Failure   Level
a - Foxfire               Conj/Fire      100%       2x1d9     1%          1
b - Scorch                Fire           100%       2d9       1%          2
c - Flame Wave            Conj/Fire      74%        2d16      1%          4
d - Freezing Cloud        Conj/Ice/Air   37%        6-21      2%          5
e - Volatile Blastmotes   Fire/Tloc      100%       2d18      1%          3
f - Shock                 Conj/Air       100%       1d9       1%          1
g - Momentum Strike       Conj/Tloc      100%       3d10      1%          2
h - Inner Flame           Hex/Fire       74%        N/A       1%          3
i - Sigil of Binding      Hex            74%        N/A       1%          3
j - Call Imp              Summ           100%       N/A       1%          2
Your spell library was empty.

Dungeon Overview and Level Annotations

Branches:
Dungeon (12/15)            Temple (1/1) D:7            Lair (0/5) D:9
    Orc (0/2) D:10          Sewer (visited)

Altars:
Ashenzari
Cheibriados
Dithmenos
Elyvilon
Fedhas
Gozag
Hepliaklqana
Makhleb
Nemelex Xobeh
Okawaru
Qazlal
Ru
Trog
Uskayaw
Wu Jian
Xom
Yredelemnul
Zin
The Shining One

Shops:
D:2 (   D:7 !


Innate Abilities, Weirdness & Mutations

You are immune to sickness and miasma.
You are immune to poison.
Your flesh is very heat resistant. (rF++)
You are vulnerable to cold. (rC-)
You float through the air rather than walking.
You learn spells naturally, not from books.
Your magical power is your life essence.
You have superior vitality. (+4 MHP)


Message History

There is an open door here.
There is an open door here.
There is an open door here.
There is a stone staircase leading down here.
There is an open door here.
There is an escape hatch in the floor here.
Things that are here:
a +0 dagger; a +0 robe You reach down and open the door.
There is an open door here.
Done exploring.
Done exploring.
There is an open door here.
You see here a +0 ring mail.
There is an open door here.
There is a stone staircase leading down here.
You fly downwards.
There is a stone staircase leading up here.
You reach down and open the door.
A four-headed hydra comes into view.
Casting: Freezing Cloud (dangerous; 2% risk of failure)
Confirm with . or Enter, or press ? or * to list all spells.
Aiming: Freezing Cloud (dangerous; 2% risk of failure)
Press: ? - help, Dir - move target You are engulfed in freezing vapours.
The four-headed hydra is engulfed in freezing vapours.
Casting: Freezing Cloud (dangerous; 2% risk of failure)
Confirm with . or Enter, or press ? or * to list all spells.
Flames lash the four-headed hydra.
The four-headed hydra is heavily wounded.
The four-headed hydra's fire resistance burns away.
You are engulfed in freezing vapours.
The four-headed hydra is engulfed in freezing vapours.
You are engulfed in freezing vapours.
* * * LOW HITPOINT WARNING * * *
The four-headed hydra is engulfed in freezing vapours.
The four-headed hydra bites you!
* * * LOW HITPOINT WARNING * * *
The four-headed hydra bites you!
You die...

.#########
.....§§@.#
######D###
#§§ #§# §§
..# +##


You could see a four-headed hydra (combustible).

Vanquished Creatures
  Erolcha (D:9)
  Erica (D:10)
  2 two-headed ogres
  A gargoyle (D:10)
  Maggie (D:7)
  A kobold demonologist (D:11)
  4 trolls
  A shadow (D:11)
  4 wraiths
  Eustachio (D:6)
  3 yaks (D:10)
  3 steam dragons
  Edmund (D:4)
  An acid dragon (D:10)
  Duvessa (D:7)
  A water moccasin (D:6)
  3 sky beasts
  2 orc warriors
  2 black bears
  5 centaurs
  3 ogres
  A phantom (D:6)
  Blork the orc (D:4)
  5 bullfrogs
  2 kobold brigands
  A gnoll sergeant (D:9)
  5 scorpions
  A wight (D:8)
  Dowan (D:7)
  5 howler monkeys
  2 hounds (D:5)
  8 orc priests
  Ijyb (D:4)
  A gnoll bouda (D:7)
  4 iguanas
  13 orc wizards
  2 sleepcaps (D:5)
  16 adders
  9 gnolls
  3 white imps
  9 dart slugs
  2 ribbon worms
  46 orcs
  11 ball pythons
  10 bats
  7 endoplasms
  12 giant cockroaches
  8 goblins
  7 hobgoblins
  3 jackals (D:2)
  5 quokkas
  12 frilled lizards
  13 kobolds
  7 rats
275 creatures vanquished.

Vanquished Creatures (collateral kills)
  Maurice (D:7)
  A vampire (D:7)
  A steam dragon (D:8)
  An ogre (D:6)
  2 orc priests
  A jelly (D:8)
  An iguana (D:6)
  An orc (D:6)
9 creatures vanquished.

Vanquished Creatures (others)
  A sky beast (D:8)
  565 foxfires
566 creatures vanquished.

Grand Total: 850 creatures vanquished

Notes
Turn   | Place    | Note
-------+----------+-------------------------------------------
     0 | D:1      | gohu the Djinni Fire Elementalist began the quest for the
                  | Orb.
     0 | D:1      | gohu set off with the following spells memorised: Foxfire,
                  | Scorch, Volatile Blastmotes, Inner Flame, Flame Wave.
     0 | D:1      | Reached XP level 1. HP: 15/15 MP: 0/0
   107 | D:1      | Reached XP level 2. HP: 18/21 MP: 0/0
   431 | D:1      | Reached XP level 3. HP: 24/25 MP: 0/0
   431 | D:1      | Learned a level 1 spell: Shock
   996 | D:2      | Found Iphy's Antique Weapon Shoppe.
  1120 | D:2      | Reached XP level 4. HP: 29/31 MP: 0/0
  1163 | D:2      | Found a faded altar of an unknown god.
  1665 | D:3      | Reached XP level 5. HP: 18/35 MP: 0/0
  1665 | D:3      | Learned a level 2 spell: Momentum Strike
  2136 | D:3      | Reached skill level 5 in Spellcasting
  2136 | D:3      | Reached skill level 5 in Conjurations
  2136 | D:3      | Reached skill level 5 in Hexes
  2136 | D:3      | Reached skill level 5 in Summonings
  2136 | D:3      | Reached skill level 5 in Necromancy
  2136 | D:3      | Reached skill level 5 in Translocations
  2136 | D:3      | Reached skill level 5 in Fire Magic
  2136 | D:3      | Reached skill level 5 in Ice Magic
  2136 | D:3      | Reached skill level 5 in Air Magic
  2136 | D:3      | Reached skill level 5 in Earth Magic
  2136 | D:3      | Reached skill level 5 in Alchemy
  2401 | D:3      | Identified the ring "Ziehugie" {Fire Will+ Stlth+}
  2820 | D:3      | Found an opulent altar of Gozag.
  2855 | D:3      | Reached XP level 6. HP: 39/40 MP: 0/0
  3206 | D:4      | Noticed Ijyb
  3209 | D:4      | Noticed a black bear
  3223 | D:4      | Killed a black bear
  3304 | D:4      | Reached XP level 7. HP: 28/45 MP: 0/0
  3304 | D:4      | Learned a level 2 spell: Call Imp
  3338 | D:4      | Killed Ijyb
  3537 | D:4      | Noticed Edmund
  3550 | D:4      | Killed Edmund
  3708 | D:4      | Noticed Blork the orc
  3953 | D:4      | Reached XP level 8. HP: 27/50 MP: 0/0
  4186 | D:4      | Killed Blork the orc
  4506 | D:5      | Entered Level 5 of the Dungeon
  4537 | D:5      | Found a glowing drain.
  4555 | Sewer    | Entered a sewer
  4671 | Sewer    | Reached skill level 1 in Fighting
  4773 | Sewer    | Reached skill level 2 in Fighting
  5048 | D:5      | Reached skill level 3 in Fighting
  5551 | D:5      | Reached skill level 4 in Fighting
  5781 | D:6      | Reached XP level 9. HP: 57/63 MP: 0/0
  5781 | D:6      | Learned a level 3 spell: Sigil of Binding
  5851 | D:6      | Reached skill level 5 in Fighting
  6269 | D:6      | Reached skill level 6 in Fighting
  6431 | D:6      | Noticed Eustachio
  6440 | D:6      | Killed Eustachio
  7044 | D:7      | Noticed Duvessa
  7045 | D:7      | Reached skill level 7 in Fighting
  7046 | D:7      | Noticed Dowan
  7052 | D:7      | Killed Dowan
  7053 | D:7      | Killed Duvessa
  7103 | D:7      | Found a staircase to the Ecumenical Temple.
  7115 | Temple   | Entered the Ecumenical Temple
  7305 | D:7      | Noticed Maurice
  7326 | D:7      | Maurice stole a +2 whip of draining
  7327 | D:7      | Killed Maurice
  7328 | D:7      | Reached skill level 8 in Fighting
  7328 | D:7      | Reached XP level 10. HP: 62/76 MP: 0/0
  7463 | D:7      | Identified the ring "Erithroo" {AC+4 Int+8 Dex-5 Stlth+}
  7507 | D:7      | Found Readint's Distillery.
  7513 | D:7      | Bought a potion of haste for 130 gold pieces
  7615 | D:7      | Noticed Maggie
  7624 | D:7      | Killed Maggie
  7625 | D:7      | Reached skill level 9 in Fighting
  8722 | D:8      | Noticed a two-headed ogre
  8737 | D:8      | Killed a two-headed ogre
  8738 | D:8      | Reached skill level 10 in Fighting
  9195 | D:9      | Reached XP level 11. HP: 75/86 MP: 0/0
  9195 | D:9      | Learned a level 5 spell: Freezing Cloud
  9236 | D:9      | Found an iron altar of Okawaru.
  9260 | D:9      | Noticed a two-headed ogre
  9272 | D:9      | Killed a two-headed ogre
  9321 | D:9      | Reached skill level 11 in Fighting
  9636 | D:9      | Noticed Erolcha
  9642 | D:9      | Killed Erolcha
  9664 | D:9      | Reached skill level 10 in Necromancy
  9700 | D:9      | Found a staircase to the Lair.
 10146 | D:10     | Entered Level 10 of the Dungeon
 10458 | D:10     | Noticed Erica
 10496 | D:10     | Killed Erica
 10497 | D:10     | Reached skill level 12 in Fighting
 10497 | D:10     | Reached skill level 5 in Shields
 10532 | D:10     | Found a hazy altar of Hepliaklqana.
 10534 | D:10     | Found a glowing silver altar of Zin.
 10535 | D:10     | Found an ornate altar of the Wu Jian Council.
 10546 | D:10     | Found a white marble altar of Elyvilon.
 10549 | D:10     | Found a glowing golden altar of the Shining One.
 10552 | D:10     | Found a burning altar of Makhleb.
 10554 | D:10     | Found a sparkling altar of Nemelex Xobeh.
 10559 | D:10     | Became a worshipper of Makhleb the Destroyer
 11038 | D:10     | Found a staircase to the Orcish Mines.
 11420 | D:11     | Reached skill level 10 in Spellcasting
 11420 | D:11     | Reached skill level 10 in Conjurations
 11420 | D:11     | Reached skill level 10 in Hexes
 11420 | D:11     | Reached skill level 10 in Summonings
 11420 | D:11     | Reached skill level 10 in Translocations
 11420 | D:11     | Reached skill level 10 in Fire Magic
 11420 | D:11     | Reached skill level 10 in Ice Magic
 11420 | D:11     | Reached skill level 10 in Air Magic
 11420 | D:11     | Reached skill level 10 in Earth Magic
 11420 | D:11     | Reached skill level 10 in Alchemy
 11857 | D:12     | Noticed a four-headed hydra
 11860 | D:12     | Slain by a four-headed hydra

Illustrated notes

Levels and vault maps discovered:
D:1:      ncdulo_wetmaze, layout_rooms, roderic_three_in_a_row,
          minmay_misc_feat_roman
D:2:      layout_loops_ring, serial_shops, nicolae_shop_just_a_little_nook,
          ebering_ecumenical_altar_petrified, chequers_serial_rivers_large_b,
          nicolae_half_adder
D:3:      minmay_door_path, layout_loops_corners, lemuel_tele_altar, minmay_puff
D:4:      layout_basic, uniq_edmund, uniq_blork_the_orc, uniq_ijyb
D:5:      layout_loops_ring, gup_sewer_entry_glass, minivault_4,
          minmay_a_box_with_orc_wizards_in_it
D:6:      layout_layer_cave, kennysheep_generic_room_4, uniq_eustachio
D:7:      layout_loops_cross, minmay_temple_entry_statues_pillars, serial_shops,
          shop, skrybe_limestone_x, uniq_maggie, uniq_maurice, uniq_duvessa
D:8:      layout_layer_cave, serial_library,
          serial_library_hellmonk_long_bookcase,
          serial_library_hellmonk_small_corner,
          serial_library_hellmonk_narrow_alcove, serial_library_hellmonk_room_a,
          serial_library_hellmonk_recessed_alcove,
          serial_library_hellmonk_open_square,
          serial_library_hellmonk_hallway_a, hangedman_misty_isle
D:9:      layout_long_grid, mainiacjoe_overflow_alcove_1, lair_entry_dummy,
          uniq_erolcha
D:10:     layout_loops_corners, nicolae_overflow_hallway_of_the_gods,
          orc_0_dummy, uniq_erica
D:11:     layout_roguey, tgw_sif
D:12:     layout_roguey, uniq_azrael, uniq_frances
Temple:   nicolae_temple_hex_pool

Skill      XL: |  1  2  3  4  5  6  7  8  9 10 11 |
---------------+----------------------------------+-----
Spellcasting   | 4 5 6 7 8 9 10 | 10.0
Conjurations   | 4 5 6 7 8 9 10 | 10.0
Hexes          | 4 5 6 7 8 9 10 | 10.0
Summonings     | 4 5 6 7 8 9 10 | 10.0
Necromancy     | 4 5 6 7 8 9 10 | 10.6
Translocations | 4 5 6 7 8 9 10 | 10.0
Fire Magic     | 4 5 6 7 8 9 10 | 10.0
Ice Magic      | 4 5 6 7 8 9 10 | 10.0
Air Magic      | 4 5 6 7 8 9 10 | 10.0
Earth Magic    | 4 5 6 7 8 9 10 | 10.0
Alchemy        | 4 5 6 7 8 9 10 | 10.0
Fighting       | 4 8 10 12 | 12.5
Shields        | 5 |  5.0
Dodging        | |  2.1
Stealth        | |  1.5

Action                     |  1- 3 |  4- 6 |  7- 9 | 10-12 || total
---------------------------+-------+-------+-------+-------++-------
  Melee: Unarmed           |     2 |       |       |       ||     2
         Staff             |       |       |     1 |     1 ||     2
   Cast: Foxfire           |    54 |    60 |   144 |    81 ||   339
         Scorch            |    12 |     6 |    38 |    27 ||    83
         Momentum Strike   |       |    15 |       |       ||    15
         Volatile Blastmot |       |    13 |    18 |    30 ||    61
         Flame Wave        |       |       |    16 |    24 ||    40
         Call Imp          |       |       |    14 |     9 ||    23
         Freezing Cloud    |       |       |       |    46 ||    46
    Use: Scroll            |       |       |     7 |     7 ||    14
         Potion            |       |       |     3 |       ||     3
 Armour: Robe              |     4 |     5 |    18 |       ||    27
         Leather armour    |       |       |    26 |     7 ||    33
         Skin              |       |       |     1 |       ||     1
         Swamp dragon scal |       |       |       |    19 ||    19
         Troll leather arm |       |       |       |    48 ||    48
  Dodge: Dodged            |     8 |     8 |    33 |    24 ||    73
  Block: Buckler           |       |       |     3 |    10 ||    13
